 Dungeon Crawl Stone Soup version 0.22-a0-824-g1ca9aab89c (webtiles) character file.

35305 Htamos the Destroyer (level 13, -3/98 HPs)
             Began as a Mummy Conjurer on July 24, 2018.
             Was an Elder of Vehumet.
             Engulfed by a frost giant's freezing vapour (11 damage)
             ... in an ice cave.
             The game lasted 01:12:25 (25331 turns).

Htamos the Destroyer (Mummy Conjurer)              Turns: 25331, Time: 01:12:25

Health: -3/98      AC:  5    Str: 11    XL:     13   Next: 46%
Magic:  29/29      EV: 15    Int: 18    God:    Vehumet [****..]
Gold:   870        SH: 10    Dex: 14    Spells: 18/36 levels left

rFire    x . .     SeeInvis .   o - +5 dagger (venom)
rCold    + + .     Gourm    .   r - +0 shield
rNeg     + + +     Faith    .   G - +0 robe
rPois    ∞         Spirit   .   q - +1 hat
rElec    .         Reflect  .   n - +0 cloak
rCorr    .         Harm     .   t - +0 pair of gloves
MR       +....                  (no boots)
Stlth    +.........             i - amulet of magic regeneration
HPRegen  0.26/turn              N - ring "Konesiesus" {rC+ rN++ Slay+1}
MPRegen  0.46/turn              c - ring of wizardry

@: studying Polearms, very slow
A: no food or potions, fire vulnerability, cold resistance 1, negative energy
resistance 3, torment resistance, unbreathing, in touch with death 1
a: Renounce Religion


You were in an ice cave.
You worshipped Vehumet.
Vehumet was greatly pleased with you.
You were not hungry.

You visited 3 branches of the dungeon, and saw 16 of its levels.
You also visited: Ice Cave.

You collected 1050 gold pieces.
You spent 180 gold pieces at shops.

Inventory:

Hand Weapons
 d - a +0 hunting sling
 j - a +0 dagger of freezing
 l - a +0 long sword
 o - a +5 dagger of venom (weapon)
 x - a +0 battleaxe
 z - a +0 rapier
 D - a +3 dagger
 M - the +4 great mace of the Whale {protect, rPois MP+9 Int+4, unknown}
   (You took it off a deep elf mage on level 10 of the Dungeon)

   It protects the one who uses it against injury (+AC on strike).
   It affects your intelligence (+4).
   It protects you from poison.
   It affects your magic capacity (+9).
Missiles
 u - 384 stones (quivered)
 v - 114 sling bullets
Armour
 a - a +0 robe
 b - a +0 leather armour of fire resistance
 f - a +0 ring mail
 n - a +0 cloak (worn)
 p - a +1 buckler
 q - a +1 hat (worn)
 r - a +0 shield (worn)
 t - a +0 pair of gloves (worn)
 A - a +0 helmet
 B - a +3 plate armour
 E - a +0 robe
 F - a +0 robe
 G - a +0 robe (worn)
Magical Staves
 g - an uncursed staff of power
Jewellery
 c - a ring of wizardry (right hand)
 i - an amulet of magic regeneration (around neck)
 k - an uncursed ring of protection from magic
 m - an uncursed ring of protection from magic
 s - a +2 amulet of reflection
 H - a -4 ring of strength
 I - a +4 ring of dexterity
 J - an uncursed ring of stealth
 N - the ring "Konesiesus" (left hand) {rC+ rN++ Slay+1}
   (You took it off a deep elf mage on level 10 of the Dungeon)

   [ring of slaying]

   It affects your accuracy and damage with ranged weapons and melee attacks
   (+1).
   It protects you from cold.
   It greatly protects you from negative energy.
Wands
 y - a wand of random effects (39)
 O - a wand of paralysis (3)
 P - a wand of flame (19)
Scrolls
 e - 3 scrolls of immolation
 h - 3 scrolls of amnesia
 w - a scroll of fog
 L - 3 scrolls of remove curse
Books
 C - a manual of Polearms


   Skills:
 + Level 8.2 Fighting
 + Level 6.8 Dodging
 - Level 1.5 Stealth
 + Level 8.4 Shields
 + Level 12.3 Spellcasting
 * Level 12.6 Conjurations
 - Level 1.0 Earth Magic


You had 18 spell levels left.
You knew the following spells:

 Your Spells              Type           Power        Failure   Level  Hunger
a - Magic Dart            Conj           ####         1%          1    N/A
b - Iskenderun's Mystic   Conj           ######..     1%          4    N/A
c - Sandblast             Erth           ##....       1%          1    N/A
d - Shock                 Conj/Air       ####         1%          1    N/A
e - Stone Arrow           Conj/Erth      #####.       1%          3    N/A
f - Ignite Poison         Fire/Tmut/Pois ##......     5%          3    N/A
g - Lee's Rapid Deconstr  Erth           ##........   26%         5    N/A

Your spell library contained the following spells:

 Spells                   Type           Power        Failure   Level  Hunger
 Confuse                  Hex            ##......     17%         3    N/A
 Mephitic Cloud           Conj/Pois/Air  ####....     1%          3    N/A
 Venom Bolt               Conj/Pois      ####......   3%          5    N/A
 Olgreb's Toxic Radiance  Pois           ##......     16%         4    N/A
 Sting                    Conj/Pois      ####         1%          1    N/A
 Tukima's Dance           Hex            ##......     17%         3    N/A
 Ensorcelled Hibernation  Hex/Ice        ##....       9%          2    N/A
 Corona                   Hex            ##.....      6%          1    N/A
 Fulminant Prism          Conj/Hex       ####......   1%          4    N/A
 Dazzling Spray           Conj/Hex       ####..       1%          3    N/A
 Force Lance              Conj/Tloc      ####....     1%          4    N/A
 Searing Ray              Conj           ######       1%          2    N/A
 Poisonous Vapours        Pois/Air       ##....       9%          2    N/A

Dungeon Overview and Level Annotations

Branches:
Dungeon (11/15)            Temple (1/1) D:4            Lair (4/6) D:8
 Shoals (0/4) Lair:4        Snake (0/4) Lair:3          Orc (0/2) D:10

Altars:
Ashenzari
Cheibriados
Dithmenos
Elyvilon
Fedhas
Gozag
Hepliaklqana
Kikubaaqudgha
Makhleb
Nemelex Xobeh
Okawaru
Qazlal
Ru
Sif Muna
Trog
Uskayaw
Vehumet
Wu Jian
Xom
Yredelemnul
The Shining One
Beogh

Shops:
D:7 ?

Annotations:
Lair:2 Necrophagist's ghost, journeyman BaFi


Innate Abilities, Weirdness & Mutations

You do not eat or drink.
Your flesh is vulnerable to fire.
You are immune to poison.
Your flesh is cold resistant. (rC+)
You are immune to negative energy. (rN+++)
You are immune to unholy pain and torment.
You can survive without breathing.
You are in touch with the powers of death.


Message History

The frost giant freezes you.
* * * LOW HITPOINT WARNING * * *
You enter the shallow water.
Moving in this stuff is going to be slow.
The frost giant gestures at you while chanting.
The bolt of cold hits you! You resist.
* * * LOW HITPOINT WARNING * * *
The frost giant casts a spell at you. The bolt of cold hits you! You resist.
* * * LOW HITPOINT WARNING * * *
You are engulfed in freezing vapours.
You resist.
* * * LOW HITPOINT WARNING * * *
The frost giant gestures at you while chanting.
The bolt of cold misses you.
Your hearing returns.
The frost giant casts a spell at you. The bolt of cold hits you! You resist.
* * * LOW HITPOINT WARNING * * *
You are engulfed in freezing vapours.
You resist.
You die...

## #....## ###..##
.####..### #...##
##.###...### ###..#
###.####...# ##...##
#≈≈≈≈≈# .#.####...##
#..### ##≈≈#≈#≈≈
...##...###
##..####≈≈≈≈≈≈≈≈
##....###
##..###≈≈≈≈≈≈≈≈≈ ######
#..### ≈≈≈≈#≈≈#
##.§@####≈≈≈#####
####§§#≈≈≈##...###
##≈C≈≈#≈..##..##
###≈≈≈#≈≈.#####..#
#≈≈≈#######..#..###
≈≈≈≈≈≈≈≈###.###.#..#...#
##########.⌠.#.########.
##.#.## ## #####


You could see a frost giant.

Vanquished Creatures
  Gastronok (Lair:3)
  2 hydras (Lair:2)
  6 two-headed ogres
  4 death yaks
  An unseen horror (D:10)
  A deep troll (D:11)
  A deep elf mage (D:10)
  A manticore (D:11)
  A cyclops (D:9)
  6 elephants
  A black mamba (Lair:1)
  A centaur zombie (D:11)
  Joseph (D:8)
  An ice statue (IceCv)
  2 rime drakes (IceCv)
  3 spiny frogs
  4 komodo dragons
  11 polar bears (IceCv)
  8 hippogriffs
  A wraith (D:10)
  A centaur simulacrum (D:11)
  22 yaks
  A vampire mosquito (D:11)
  2 hungry ghosts
  12 water moccasins
  3 porcupines
  6 sky beasts
  7 orc warriors
  11 ice beasts
  4 black bears
  A necrophage (D:7)
  2 phantoms
  A hornet zombie (D:7)
  2 ogres
  An eye of draining (D:8)
  20 wolves
  4 centaurs
  8 crocodiles
  2 big kobolds
  8 bullfrogs
  A water moccasin zombie (D:6)
  2 scorpions
  3 killer bees (D:10)
  7 wights
  3 howler monkeys
  An electric eel (Lair:3)
  A bullfrog zombie (D:11)
  4 crimson imps
  A wyvern simulacrum (D:10)
  2 bullfrog skeletons
  5 hounds
  7 jellies
  2 centaur skeletons
  6 orc priests
  A gnoll shaman (D:6)
  4 iguanas
  An iron imp (D:7)
  11 orc wizards
  8 worker ants
  A hound zombie (D:6)
  2 hound skeletons
  3 worker ant zombies
  4 gnolls (D:6)
  A howler monkey skeleton (D:4)
  18 adders
  2 shadow imps
  An ooze (D:4)
  An adder zombie (D:8)
  2 worms
  2 dart slugs
  6 leopard geckos
  31 orcs
  9 bats
  3 giant cockroaches
  7 hobgoblins
  8 jackals
  15 kobolds
  9 quokkas
  9 frilled lizards
  A giant cockroach zombie (D:5)
  4 goblins
  A quokka skeleton (D:4)
  8 rats
  5 fungi
398 creatures vanquished.

Vanquished Creatures (others)
  2 polar bears (IceCv)
  A hound (D:4)
  An iguana (D:4)
  An orc wizard (D:4)
  A worker ant (D:4)
  2 adders (D:4)
  A frilled lizard (D:4)
  3 fungi
  2 plants (Lair:1)
14 creatures vanquished.

Grand Total: 412 creatures vanquished

Notes
Turn   | Place    | Note
-------+----------+-------------------------------------------
     0 | D:1      | Htamos the Mummy Conjurer began the quest for the Orb.
     0 | D:1      | Reached XP level 1. HP: 13/13 MP: 4/4
   247 | D:1      | Reached XP level 2. HP: 19/19 MP: 3/6
   829 | D:2      | Reached XP level 3. HP: 24/24 MP: 0/7
  1439 | D:2      | Reached XP level 4. HP: 30/30 MP: 4/9
  2492 | D:3      | Found a radiant altar of Vehumet.
  2504 | D:3      | Became a worshipper of Vehumet
  2586 | D:3      | Reached XP level 5. HP: 35/35 MP: 6/11
  2857 | D:4      | Noticed an ogre
  2864 | D:4      | Killed an ogre
  2864 | D:4      | Reached skill level 5 in Conjurations
  2883 | D:4      | Reached skill level 1 in Shields
  3091 | D:4      | Reached XP level 6. HP: 41/41 MP: 10/13
  3319 | D:4      | Found a shimmering altar of Xom.
  3434 | D:4      | Found a staircase to the Ecumenical Temple.
  3809 | Temple   | Entered the Ecumenical Temple
  4062 | D:4      | Learned a level 4 spell: Iskenderun's Mystic Blast
  4077 | D:5      | Entered Level 5 of the Dungeon
  4228 | D:5      | Reached skill level 5 in Spellcasting
  4231 | D:5      | Noticed a sky beast
  4441 | D:5      | Killed a sky beast
  4441 | D:5      | Reached XP level 7. HP: 38/46 MP: 3/15
  4953 | D:5      | Reached * piety under Vehumet
  4953 | D:5      | Offered knowledge of Sandblast by Vehumet.
  5123 | D:5      | Learned a level 1 spell: Sandblast
  5418 | D:6      | Reached XP level 8. HP: 40/52 MP: 8/17
  6631 | D:7      | Noticed a hippogriff
  7319 | D:7      | Found a snail-covered altar of Cheibriados.
  7377 | D:7      | Killed a hippogriff
  7377 | D:7      | Reached XP level 9. HP: 31/57 MP: 15/20
  7700 | D:7      | Found Erihagy's Magic Scroll Emporium.
  7709 | D:7      | Bought 2 scrolls of enchant weapon for 180 gold pieces
  7747 | D:7      | Reached ** piety under Vehumet
  7747 | D:7      | Offered knowledge of Shock by Vehumet.
  7756 | D:6      | Noticed a rust devil
  7756 | D:6      | Noticed a rust devil
  7967 | D:7      | Found an iron altar of Okawaru.
  7968 | D:7      | Found an ancient bone altar of Kikubaaqudgha.
  7969 | D:7      | Found a sparkling altar of Nemelex Xobeh.
  7971 | D:7      | Found an ornate altar of the Wu Jian Council.
  8192 | D:8      | Noticed Joseph
  8533 | D:8      | Killed Joseph
  8533 | D:8      | Reached skill level 1 in Fighting
  8954 | D:8      | Found a staircase to the Lair.
  8954 | D:8      | Noticed an elephant
  9100 | D:7      | Learned a level 1 spell: Shock
  9113 | D:8      | Killed an elephant
  9113 | D:8      | Reached skill level 5 in Shields
  9736 | D:8      | Offered knowledge of Stone Arrow by Vehumet.
 10070 | D:8      | Reached XP level 10. HP: 54/68 MP: 22/22
 10577 | D:8      | Noticed a two-headed ogre
 10616 | D:8      | Killed a two-headed ogre
 10616 | D:8      | Reached *** piety under Vehumet
 10896 | D:8      | Learned a level 3 spell: Stone Arrow
 10942 | D:9      | Noticed a two-headed ogre
 10946 | D:9      | Killed a two-headed ogre
 12401 | D:10     | Entered Level 10 of the Dungeon
 12408 | D:10     | Reached skill level 10 in Conjurations
 12503 | D:10     | Noticed a two-headed ogre
 12508 | D:10     | Killed a two-headed ogre
 12565 | D:10     | Found a staircase to the Orcish Mines.
 12591 | D:10     | Offered knowledge of Ignite Poison by Vehumet.
 12598 | D:10     | Reached XP level 11. HP: 78/78 MP: 6/24
 12628 | D:10     | Learned a level 3 spell: Ignite Poison
 12697 | D:10     | Noticed a two-headed ogre
 12703 | D:10     | Killed a two-headed ogre
 12703 | D:10     | Reached skill level 10 in Spellcasting
 12942 | D:10     | Noticed a two-headed ogre
 12971 | D:10     | Killed a two-headed ogre
 13076 | D:10     | Noticed a two-headed ogre
 13085 | D:10     | Killed a two-headed ogre
 13085 | D:10     | Reached **** piety under Vehumet
 13085 | D:10     | Reached skill level 5 in Fighting
 13319 | D:10     | Found a roughly hewn altar of Beogh.
 13337 | D:10     | Killed an unseen horror
 13705 | D:10     | Offered knowledge of Conjure Flame by Vehumet.
 13955 | D:10     | Noticed a deep elf mage
 13962 | D:10     | Killed a deep elf mage
 13965 | D:10     | Got an ichor-stained great mace {protect}
 13965 | D:10     | Got a warped jade ring
 14748 | D:11     | Noticed a deep troll
 14753 | D:11     | Killed a deep troll
 14902 | D:10     | Found the +11 plutonium sword {*Contam Stlth-}
 15143 | D:11     | Reached skill level 5 in Dodging
 15641 | D:11     | Identified the ring "Konesiesus" {rC+ rN++ Slay+1} (You took it off a deep elf mage on level 10 of the Dungeon)
 16128 | D:11     | Reached ***** piety under Vehumet
 16204 | Lair:1   | Entered Level 1 of the Lair of Beasts
 16236 | Lair:1   | Offered knowledge of Lee's Rapid Deconstruction by Vehumet.
 16252 | D:8      | Learned a level 5 spell: Lee's Rapid Deconstruction
 16274 | Lair:1   | Reached XP level 12. HP: 82/88 MP: 23/26
 17962 | Lair:2   | Noticed Gastronok
 18572 | Lair:2   | Noticed a five-headed hydra
 19454 | Lair:2   | Killed a five-headed hydra
 19666 | Lair:2   | Found a runed gate.
 19667 | Lair:2   | Found a runed gate.
 19668 | Lair:2   | Found a runed gate.
 19671 | Lair:2   | Noticed Necrophagist's ghost (journeyman BaFi)
 21348 | Lair:3   | Killed Gastronok
 21515 | Lair:3   | Found a staircase to the Snake Pit.
 21780 | Lair:3   | Noticed a death yak
 21812 | Lair:2   | Killed a death yak
 21924 | Lair:3   | Noticed a death yak
 21926 | Lair:3   | Noticed a death yak
 21972 | Lair:2   | Killed a death yak
 21972 | Lair:2   | Gained mutation: You are in touch with the powers of death. [Mummy growth]
 21972 | Lair:2   | Reached XP level 13. HP: 34/96 MP: 9/28
 23216 | Lair:4   | Found a frozen archway.
 23299 | IceCv    | Entered an ice cave
 23891 | IceCv    | Reached skill level 1 in Earth Magic
 24670 | IceCv    | Noticed a frost giant
 25331 | IceCv    | Engulfed by a frost giant's freezing vapour

Vault maps used:
D:1:      grunt_arrival_crossed_arrows
D:2:      first_ration
D:3:      vehumet_crystals, minmay_tree_intersection
D:4:      xom_confusion_cloud, minmay_temple_entry_enclosed_plants
D:5:      lemuel_coloured_pillars_altar
D:6:      cheibrodos_iron_armory
D:7:      minitemple, serial_shops, nicolae_shop_trees, chei_slow_surprise
D:8:      david_lair_generic, grunt_pizzeria, uniq_joseph
D:10:     minmay_the_grid_4x2, minmay_orc_entry_temple_small
D:11:     kennysheep_island_fort
Temple:   regret_index_temple_generic_petals
Lair:2:   gammafunk_ghost_necromancy, grunt_megastairs_1, serial_bayou_shore_b,
          uniq_gastronok
Lair:3:   minmay_snake_entry_six_corridors, beast_lair_carwin_4,
          serial_bayou_shore_a, infiniplex_staircase_pool_2
Lair:4:   elwin_shoals_entry_rooms, portal_ice_cave_entry_ice_beasts,
          lemuel_fruit_tree, minmay_lair_oklob_chamber,
          infiniplex_staircase_pool
IceCv:    ice_cave_caverns_03

Skill      XL: |  1  2  3  4  5  6  7  8  9 10 11 12 13 |
---------------+----------------------------------------+-----
Spellcasting   | 3 4 5 6 7 8 9 10 11 12 | 12.3
Conjurations   | 4 5 6 8 9 10 11 12 | 12.6
Shields        | 1 3 4 5 6 7 8 |  8.4
Fighting       | 2 4 6 7 8 |  8.2
Dodging        | 2 3 5 6 |  6.8
Earth Magic    | 1 |  1.0
Stealth        | |  1.5

Action                   |  1- 3 |  4- 6 |  7- 9 | 10-12 | 13-15 || total
-------------------------+-------+-------+-------+-------+-------++-------
Melee: Unarmed           |     9 |     8 |       |       |       ||    17
       Long sword        |       |     2 |     1 |       |       ||     3
       Dagger            |       |       |   102 |   187 |    38 ||   327
       Staff             |       |       |       |       |    22 ||    22
Throw: Stone             |       |       |       |     1 |       ||     1
 Cast: Magic Dart        |    82 |   142 |   158 |   264 |    19 ||   665
       Iskenderun's Myst |       |     1 |    72 |   342 |    33 ||   448
       Stone Arrow       |       |       |       |    53 |   117 ||   170
       Shock             |       |       |       |     1 |       ||     1
Evoke: Wand              |       |     4 |       |    13 |     4 ||    21
  Use: Scroll            |       |    11 |     6 |    13 |     5 ||    35
 Stab: Sleeping          |       |     1 |       |       |       ||     1
       Paralysed         |       |       |       |       |    10 ||    10
Armor: Robe              |     6 |     6 |    35 |    57 |    26 ||   130
Dodge: Dodged            |    11 |    27 |    59 |   173 |   116 ||   386
Block: Buckler           |       |     8 |     4 |       |       ||    12
       Shield            |       |       |    56 |   197 |   101 ||   354
       Rpst.: Long sword |       |     3 |     1 |       |       ||     4

Table legend:
 A = Spawn XP
 B = Non-spawn XP
 C = Spawn XP percentage of total XP
 D = Spawn monster count
 E = Non-spawn monster count
 F = Spawn count percentage of total count
 G = Total turns spent on level
                    A         B        C        D         E        F      G
               +---------+---------+-------+---------+---------+-------+---------
         Total |       0 |   50437 |   0.0 |       0 |     393 |   0.0 | 25331
               +---------+---------+-------+---------+---------+-------+---------
           D:1 |       0 |      27 |   0.0 |       0 |      18 |   0.0 |   813
           D:2 |       0 |      94 |   0.0 |       0 |      26 |   0.0 |  1019
           D:3 |       0 |      88 |   0.0 |       0 |      22 |   0.0 |  1018
           D:4 |       0 |     422 |   0.0 |       0 |      12 |   0.0 |  1445
           D:5 |       0 |     551 |   0.0 |       0 |      17 |   0.0 |   783
           D:6 |       0 |     741 |   0.0 |       0 |      15 |   0.0 |  1518
           D:7 |       0 |    1620 |   0.0 |       0 |      30 |   0.0 |  2141
           D:8 |       0 |    3914 |   0.0 |       0 |      33 |   0.0 |  2607
           D:9 |       0 |    2476 |   0.0 |       0 |      26 |   0.0 |  1313
          D:10 |       0 |    8276 |   0.0 |       0 |      54 |   0.0 |  2362
          D:11 |       0 |    3380 |   0.0 |       0 |      25 |   0.0 |  1359
        Lair:1 |       0 |    3739 |   0.0 |       0 |      17 |   0.0 |  1884
        Lair:2 |       0 |    9145 |   0.0 |       0 |      20 |   0.0 |  3528
        Lair:3 |       0 |    5450 |   0.0 |       0 |      29 |   0.0 |  1117
        Lair:4 |       0 |    1054 |   0.0 |       0 |       8 |   0.0 |   149
         IceCv |       0 |    9460 |   0.0 |       0 |      41 |   0.0 |  2032
               +---------+---------+-------+---------+---------+-------+---------
